 Dungeon Crawl Stone Soup version 0.25-a0-464-g3004169 (webtiles) character file.

Game seed: 7224250129379784431, levelgen mode: deterministic

14226 Ayyar the Covert (level 12, -8/77 HPs)
             Began as a Kobold Hunter on Feb 3, 2020.
             Was a High Priest of Okawaru.
             Killed from afar by Azrael (36 damage)
             ... with a bolt of fire
             ... on level 12 of the Dungeon on Feb 4, 2020.
             The game lasted 01:08:11 (14258 turns).

Ayyar the Covert (Kobold Hunter)                   Turns: 14258, Time: 01:08:11

Health: -8/77      AC: 12    Str: 13    XL:     12   Next: 42%
Magic:  12/12      EV: 29    Int: 12    God:    Okawaru [*****.]
Gold:   630        SH:  0    Dex: 20    Spells: 11/11 levels left

rFire    . . .     SeeInvis .   a - +4 dagger (venom)
rCold    . . .     Gourm    .   (shield restricted)
rNeg     . . .     Faith    .   G - +0 troll leather armour
rPois    .         Spirit   .   (no helmet)
rElec    .         Reflect  .   (no cloak)
rCorr    .         Harm     .   w - +0 pair of gloves {Dex+3}
MR       .....                  o - +1 pair of boots
Stlth    +++++.....             l - amulet of the acrobat
HPRegen  0.62/turn              F - +5 ring of evasion
MPRegen  0.13/turn              n - +4 ring of protection

@: about to teleport
A: small, carnivore
a: Heroism, Finesse, Renounce Religion


You were on level 12 of the Dungeon.
You worshipped Okawaru.
Okawaru was extremely pleased with you.
You were very full.

You visited 1 branch of the dungeon, and saw 14 of its levels.

You collected 660 gold pieces.
You spent 30 gold pieces at shops.

Inventory:

Hand Weapons
 a - a +4 dagger of venom (weapon)
 b - a +1 hand crossbow
Missiles
 d - 129 bolts
Armour
 e - a +0 ring mail
 o - a +1 pair of boots (worn)
 w - a +0 pair of gloves of dexterity (worn)
 G - a +0 troll leather armour (worn)
Jewellery
 l - an amulet of the acrobat (around neck)
 n - a +4 ring of protection (right hand)
 p - an uncursed ring of ice
 u - an uncursed ring of positive energy
 E - an uncursed ring of see invisible
 F - a +5 ring of evasion (left hand)
Wands
 k - a wand of polymorph (5)
 y - a wand of iceblast (2)
 C - a wand of digging (5)
Scrolls
 h - 2 scrolls of identify
 i - 4 scrolls of fear
 j - 3 scrolls of amnesia {unknown}
 m - 4 scrolls of enchant weapon
 q - a scroll of random uselessness {unknown}
 s - 2 scrolls of remove curse
 t - a scroll of noise {unknown}
 v - 2 scrolls of teleportation
 x - 4 scrolls of immolation
 z - a scroll of magic mapping
 A - 2 scrolls of enchant armour {unknown}
Potions
 c - a potion of invisibility
 g - a potion of agility
 r - 3 potions of curing
 B - a potion of lignification {unknown}
 D - 3 potions of cancellation {unknown}
 H - a potion of heal wounds
Comestibles
 f - 17 rations
 I - a chunk of flesh


   Skills:
 + Level 10.1 Fighting
 - Level 10.0 Short Blades
 - Level 10.0 Crossbows
 - Level 4.0 Armour
 + Level 11.1 Dodging
 + Level 12.0 Stealth


You had 11 spell levels left.
You didn't know any spells.
Your spell library contained the following spells:

 Spells                   Type           Power        Failure   Level  Hunger
 Corona                   Hex            #......      38%         1    ##.....
 Foxfire                  Conj/Fire      #...         38%         1    ##.....
 Magic Dart               Conj           #...         38%         1    ##.....
 Searing Ray              Conj           #.....       52%         2    ###....
 Slow                     Hex            #.......     52%         2    ###....
 Conjure Flame            Conj/Fire      #.......     77%         3    ####...
 Dazzling Flash           Conj/Hex       #.....       77%         3    ####...
 Inner Flame              Hex/Fire       #.......     77%         3    ####...
 Portal Projectile        Hex/Tloc       #.....       77%         3    ####...
 Cause Fear               Hex            #.........   99%         4    #####..
 Fulminant Prism          Conj/Hex       #.........   99%         4    #####..
 Iskenderun's Mystic Bla  Conj/Tloc      #.......     99%         4    #####..
 Leda's Liquefaction      Hex/Erth       #.........   99%         4    #####..
 Sticky Flame             Conj/Fire      #.......     99%         4    #####..
 Bolt of Magma            Conj/Fire/Erth #.........   100%        5    ######.
 Fireball                 Conj/Fire      #.........   100%        5    ######.
 Iskenderun's Battlesphe  Conj/Chrm      #.......     100%        5    ######.
 Iron Shot                Conj/Erth      #.........   100%        6    #######
 Orb of Destruction       Conj           #.........   100%        7    #######
 Spellforged Servitor     Conj/Summ      #.........   100%        7    #######


Dungeon Overview and Level Annotations

Branches:
Dungeon (14/15)            Temple (0/1) D:4            Lair (0/6) D:8
    Orc (0/2) D:12
 Vaults: D:13-14

Altars:
Dithmenos
Elyvilon
Fedhas
Kikubaaqudgha
Okawaru
Ru
Sif Muna
Trog
Xom
Yredelemnul

Shops:
D:4 [   D:7 :   D:8 *

Annotations:
D:6 Maggie
D:12 Azrael, Maurice


Innate Abilities, Weirdness & Mutations

You are small and have problems with some larger weapons.
You are carnivorous and can eat meat at any time.


Message History

The blast of flame misses you. The hell hound misses you.
The hell hound completely misses you.
Azrael the Boundless Flame comes into view.
He is wielding a +1 scimitar of flaming.
The hell hound barely misses you.
A hell hound comes into view.
The hell hound breathes flames at you.
The blast of flame hits the hell hound.
The hell hound completely resists.
The blast of flame misses you.
The blast of flame hits Azrael.
Azrael completely resists.
The hell hound misses you. Azrael gestures at you. The bolt of fire hits you!!
The hell hound barks!
You hit Azrael but do no damage.
You hear a bark!
As you read the scroll of teleportation, it crumbles to dust.
You feel strangely unstable. The hell hound barely misses you.
Azrael gestures at you. The bolt of fire hits you!!!
You die...

..#####......##..#..#*,,,,,,,,,,,
..# #......##..#,.#*,,,,,,,,,,,
..# #..##..##..#,,#*,,,,,,,,,*,
..# #..##..##..#,,**,,,,,,,,,*,
..# #..##..##..#,,**,,,,,,,,,*,
..# #..##..##.Z#,,**,<,,,,,,,,,
.@# #..##....{.#,,**,,,,,,,,,,,
..# *,,*#...hhh#,,**,,,,,,,,,,,
..# *,,*#....h@#○,**,,,,,,,,***
..# *,,*#.....hR......,,,,,,*,*
.(# *,,*#.............,,,,,,*,*
..#****,,#..............,,,,,,*,*
..≈≈≈≈≈≈≈≈≈≈≈≈≈.........,,,,,,*,*
..≈≈≈≈≈≈≈≈≈≈≈≈≈.........,,,,,,+,*
..≈≈≈≈≈≈≈≈≈≈≈≈≈.###.....,,,,,,*,*
..≈≈≈≈≈≈≈≈≈≈≈≈≈.* *.....,,,,,,*,*
..≈≈≈≈≈≈≈≈≈≈≈≈≈,* *,,,,,,,,,,,*,*


You could see Azrael, 5 hell hounds and a centaur warrior skeleton.

Vanquished Creatures
  Harold (D:10)
  2 two-headed ogres (D:11)
  A tengu warrior (D:14)
  Pikel (D:5)
  A harpy (shapeshifter) (D:11)
  A manticore (D:11)
  2 gargoyles (D:11)
  A centaur skeleton (D:10)
  A komodo dragon (D:8)
  A kobold demonologist (D:8)
  A troll (D:11)
  Grinder (D:6)
  4 hippogriffs
  A wyvern (D:12)
  6 yaks (D:9)
  Eustachio (D:6)
  2 wraiths
  A hungry ghost (D:7)
  Edmund (D:4)
  2 water moccasins (D:9)
  4 sky beasts
  6 orc warriors
  3 ice beasts
  A hornet zombie (D:9)
  A black bear (D:11)
  9 ogres
  6 centaurs
  A crocodile (D:12)
  14 big kobolds
  2 bullfrogs (D:7)
  4 scorpions
  14 wights
  4 howler monkeys
  A crimson imp (D:8)
  A quasit (D:5)
  A bullfrog zombie (D:11)
  5 orc priests
  A jelly (D:6)
  4 hounds
  3 bullfrog skeletons
  10 orc wizards
  3 iguanas
  Ijyb (D:4)
  8 worker ants
  2 hound skeletons
  A worker ant zombie (D:9)
  8 gnolls
  15 adders
  2 shadow imps
  2 adder skeletons
  3 worms
  4 dart slugs
  2 leopard geckos
  27 orcs
  7 bats
  14 giant cockroaches
  7 goblins
  6 hobgoblins
  13 jackals
  24 kobolds
  3 quokkas (D:2)
  A ball python (D:3)
  4 frilled lizards
  2 quokka skeletons
  6 rats
292 creatures vanquished.

Vanquished Creatures (others)
  3 slaves (D:5)
  A shadow imp (D:5)
  A ball python (D:6)
  A jackal (D:5)
  A rat (D:3)
  A plant (D:8)
8 creatures vanquished.

Grand Total: 300 creatures vanquished

Notes
Turn   | Place    | Note
-------+----------+-------------------------------------------
     0 | D:1      | Ayyar the Kobold Hunter began the quest for the Orb.
     0 | D:1      | Reached XP level 1. HP: 12/12 MP: 1/1
    73 | D:1      | Reached XP level 2. HP: 18/18 MP: 2/2
    75 | D:1      | Reached skill level 5 in Crossbows
   128 | D:1      | Reached skill level 2 in Stealth
   216 | D:1      | Reached XP level 3. HP: 22/22 MP: 3/3
   943 | D:2      | Reached XP level 4. HP: 27/27 MP: 4/4
  1267 | D:2      | Found an iron altar of Okawaru.
  1271 | D:2      | Became a worshipper of Warmaster Okawaru
  1497 | D:2      | Found a shimmering blue altar of Sif Muna.
  2320 | D:3      | Reached skill level 3 in Stealth
  2322 | D:3      | Reached skill level 1 in Short Blades
  2323 | D:3      | Reached XP level 5. HP: 32/32 MP: 5/5
  2407 | D:3      | Found a faded altar of an unknown god.
  2522 | D:3      | Found a white marble altar of Elyvilon.
  2797 | D:3      | Reached XP level 6. HP: 29/37 MP: 6/6
  3347 | D:3      | Reached skill level 4 in Stealth
  3620 | D:4      | Reached * piety under Okawaru
  3620 | D:4      | Reached XP level 7. HP: 42/42 MP: 7/7
  3734 | D:4      | Found a staircase to the Ecumenical Temple.
  3777 | D:4      | Noticed Ijyb
  3790 | D:4      | Killed Ijyb
  4265 | D:4      | Noticed Edmund
  4305 | D:4      | Killed Edmund
  4305 | D:4      | Reached skill level 1 in Armour
  4409 | D:4      | Found Istojuew's Antique Armour Shoppe.
  4424 | D:5      | Entered Level 5 of the Dungeon
  4519 | D:5      | Reached skill level 5 in Stealth
  4519 | D:5      | Reached XP level 8. HP: 24/48 MP: 8/8
  4724 | D:5      | Noticed Pikel
  4738 | D:5      | Killed Pikel
  4738 | D:5      | Reached ** piety under Okawaru
  4738 | D:5      | Reached skill level 5 in Dodging
  5029 | D:5      | Reached XP level 9. HP: 38/53 MP: 9/9
  5039 | D:5      | Reached skill level 6 in Stealth
  5308 | D:5      | Reached *** piety under Okawaru
  5308 | D:5      | Reached skill level 5 in Fighting
  5745 | D:5      | Reached skill level 5 in Short Blades
  5754 | D:6      | Got a smoking leather armour
  5755 | D:6      | Identified the cursed +0 leather armour "Zirynep" {*Contam
                  | +Inv rElec} (You found it on level 6 of the Dungeon)
  6674 | D:6      | Noticed Grinder
  6694 | D:6      | Killed Grinder
  6768 | D:6      | Noticed Eustachio
  6769 | D:6      | Killed Eustachio
  6806 | D:6      | Noticed Maggie
  7232 | D:7      | Reached skill level 10 in Crossbows
  7275 | D:7      | Found a shadowy altar of Dithmenos.
  7437 | D:7      | Reached XP level 10. HP: 6/60 MP: 10/10
  7609 | D:7      | Reached **** piety under Okawaru
  8384 | D:7      | Reached skill level 7 in Stealth
  8653 | D:7      | Found Zicicul's Book Shop.
  8736 | D:7      | Found a blossoming altar of Fedhas.
  8736 | D:7      | Found an ancient bone altar of Kikubaaqudgha.
  8737 | D:7      | Found a basalt altar of Yredelemnul.
  8934 | D:7      | Found a burning altar of Makhleb.
  8936 | D:7      | Found a shimmering altar of Xom.
  8936 | D:7      | Found a sacrificial altar of Ru.
  8944 | D:7      | Found a shimmering altar of Xom.
  8944 | D:7      | Found a blossoming altar of Fedhas.
  8944 | D:7      | Found a shimmering blue altar of Sif Muna.
  9287 | D:8      | Found Myffev's Assorted Antiques.
  9291 | D:8      | Bought a scroll labeled VOWKYMPUTU for 30 gold pieces
  9305 | D:8      | Found a bloodstained altar of Trog.
  9505 | D:8      | Noticed a kobold demonologist
  9537 | D:8      | Killed a kobold demonologist
  9658 | D:8      | Reached skill level 8 in Stealth
  9803 | D:8      | Received a gift from Okawaru
 10164 | D:8      | Found a staircase to the Lair.
 10165 | D:8      | Noticed a komodo dragon
 10168 | D:8      | Reached XP level 11. HP: 67/67 MP: 11/11
 10203 | D:8      | Reached ***** piety under Okawaru
 10573 | D:9      | Received a gift from Okawaru
 10826 | D:9      | Reached skill level 9 in Stealth
 11104 | D:9      | Reached skill level 10 in Short Blades
 11368 | D:9      | Received a gift from Okawaru
 11696 | D:10     | Entered Level 10 of the Dungeon
 12361 | D:10     | Noticed Harold
 12415 | D:10     | Killed Harold
 12415 | D:10     | Reached skill level 10 in Stealth
 12924 | D:11     | Noticed a manticore
 12958 | D:11     | Killed a manticore
 13131 | D:11     | Reached skill level 10 in Dodging
 13170 | D:11     | Noticed a two-headed ogre
 13209 | D:11     | Killed a two-headed ogre
 13263 | D:11     | Noticed a fire crab
 13263 | D:11     | a tengu changed into a fire crab
 13269 | D:11     | Noticed a harpy
 13269 | D:11     | a fire crab changed into a harpy
 13276 | D:11     | Reached XP level 12. HP: 62/76 MP: 10/12
 13282 | D:11     | Noticed a two-headed ogre
 13295 | D:11     | Reached skill level 11 in Stealth
 13310 | D:11     | Killed a two-headed ogre
 14004 | D:11     | You fall into a shaft and drop 3 floors!
 14046 | D:14     | Noticed a tengu warrior
 14111 | D:14     | Killed a tengu warrior
 14111 | D:14     | Reached skill level 10 in Fighting
 14145 | D:12     | Reached skill level 12 in Stealth
 14210 | D:12     | Noticed Maurice
 14255 | D:12     | Noticed Azrael
 14258 | D:12     | Killed from afar by Azrael

Levels and vault maps discovered:
D:1:      roderic_crossed_star, layout_rooms, serial_forest,
          infiniplex_forest_end_1, infiniplex_forest_lined_3_way,
          infiniplex_forest_lined_corner, infiniplex_forest_lined_3_way,
          infiniplex_forest_diagonal, infiniplex_forest_clump_tiny,
          infiniplex_forest_clump_small, infiniplex_forest_clump_cross,
          infiniplex_forest_end_1, infiniplex_forest_fountain,
          minmay_worlds_worst_comb
D:2:      layout_basic, led_sif_pool, lemuel_crystal_altar, first_ration,
          hex_medium
D:3:      layout_basic, elyvilon_altar_4, chequers_ecumenical_altar_simple
D:4:      layout_cave_pools, temple_fountains, serial_shops, kennysheep_mini,
          uniq_ijyb, uniq_edmund
D:5:      layout_rooms, uniq_pikel
D:6:      layout_rooms, uniq_eustachio, uniq_maggie, uniq_grinder
D:7:      layout_loops_corners, grunt_dithmenos_smoke_and_mirrors,
          doesnt_xom_only_xom, gammafunk_temple_overflow_forgotten,
          serial_shops, shop
D:8:      layout_loops_ring, bloody_trog, david_lair_shrubbed, serial_shops,
          shop, special_room [special_room_kobold], grunt_pizzeria,
          minmay_strange_pillars
D:9:      layout_roguey, serial_rivers, chequers_serial_rivers_micro_e,
          chequers_serial_rivers_room_b, chequers_serial_rivers_micro_e,
          chequers_serial_rivers_small_3, chequers_serial_rivers_micro_d,
          kennysheep_generic_room_12
D:10:     layout_long_grid, minmay_misc_feat_five, uniq_harold
D:11:     layout_basic, minmay_misc_feat_diagonals
D:12:     nicolae_whirlpool, layout_stronghold, minmay_orc_entry_temple_small,
          uniq_azrael, uniq_nergalle, uniq_maurice
D:13:     layout_cave_pods, david_vaults_4, serial_column_ruins,
          column_ruins_hut, column_ruins_hut_pillars,
          column_ruins_columns_straight, column_ruins_columns_straight,
          column_ruins_grid_1, column_ruins_grid_1, column_ruins_grid_1,
          column_ruins_corridor_straight, column_ruins_columns_corner,
          nicolae_blasting_shop
D:14:     layout_small_grid, serial_shops, shop, chequers_serial_rivers_small_a

Skill      XL: |  1  2  3  4  5  6  7  8  9 10 11 12 |
---------------+-------------------------------------+-----
Crossbows      | 5 6 7 8 10 | 10.0
Stealth        | 2 3 4 5 6 8 10 12 | 12.0
Dodging        | 3 4 5 6 8 10 11 | 11.1
Short Blades   | 1 2 3 4 6 8 10 | 10.0
Fighting       | 3 4 6 7 9 10 | 10.1
Armour         | 1 2 3 4 |  4.0

Action                   |  1- 3 |  4- 6 |  7- 9 | 10-12 || total
-------------------------+-------+-------+-------+-------++-------
Melee: Short sword       |    60 |   199 |       |       ||   259
       Dagger            |       |    15 |   268 |  1373 ||  1656
       Punch             |       |       |       |     3 ||     3
 Fire: Hand crossbow     |    32 |    62 |    90 |    30 ||   214
Invok: Heroism           |       |       |       |     7 ||     7
Evoke: Wand              |       |       |       |     3 ||     3
  Use: Scroll            |       |     2 |     4 |    12 ||    18
       Potion            |       |     1 |     3 |     3 ||     7
 Stab: Sleeping          |     2 |     2 |     4 |    16 ||    24
       Invisible         |       |       |       |     5 ||     5
       Distracted        |       |       |       |     3 ||     3
  Eat: Chunk             |     9 |     8 |    12 |    27 ||    56
       Ration            |       |       |       |     4 ||     4
Armor: Leather armour    |     9 |    50 |       |       ||    59
       Ring mail         |       |       |    91 |   134 ||   225
       Troll leather arm |       |       |       |    30 ||    30
Dodge: Dodged            |    74 |   194 |   224 |   897 ||  1389

Table legend:
 A = Non-vault XP
 B = Vault XP
 C = Vault XP percentage of total XP
 D = Non-vault monster count
 E = Vault monster count
 F = Vault count percentage of total count
                 A         B        C        D         E       F
            +---------+---------+-------+---------+---------+-------
      Total |   15963 |    4361 |  21.5 |     262 |      30 |  10.3
            +---------+---------+-------+---------+---------+-------
        D:1 |      44 |      10 |  18.5 |      24 |       5 |  17.2
        D:2 |      58 |       0 |   0.0 |      17 |       0 |   0.0
        D:3 |     307 |       0 |   0.0 |      29 |       0 |   0.0
        D:4 |     343 |     217 |  38.8 |      18 |       2 |  10.0
        D:5 |    1155 |     617 |  34.8 |      30 |       1 |   3.2
        D:6 |     431 |     463 |  51.8 |      12 |       2 |  14.3
        D:7 |    1570 |       0 |   0.0 |      35 |       0 |   0.0
        D:8 |    1111 |    2047 |  64.8 |      16 |      19 |  54.3
        D:9 |    2963 |       0 |   0.0 |      34 |       0 |   0.0
       D:10 |     955 |    1007 |  51.3 |      14 |       1 |   6.7
       D:11 |    5647 |       0 |   0.0 |      29 |       0 |   0.0
       D:12 |     515 |       0 |   0.0 |       3 |       0 |   0.0
       D:14 |     864 |       0 |   0.0 |       1 |       0 |   0.0
            +---------+---------+-------+---------+---------+-------
